 Dungeon Crawl Stone Soup version 0.20-a0-492-g6327889 (webtiles) character file.

2249 Faca the Basher (level 9, -9/54 HPs)
             Began as a Gargoyle Fighter on Jan 15, 2017.
             Was a Believer of Okawaru.
             Mangled by an orc warrior
             ... wielding a +1 battleaxe of chopping
              (10 damage)
             ... on level 5 of the Dungeon.
             The game lasted 00:17:08 (4434 turns).

Faca the Basher (Gargoyle Fighter)                  Turns: 4434, Time: 00:17:08

Health: -9/54      AC: 16    Str: 20    XL:     9   Next: 37%
Magic:  9/9        EV: 10    Int:  9    God:    Okawaru [**....]
Gold:   349        SH: 11    Dex: 12    Spells: 8/8 levels left

rFire    . . .     SeeInvis .   a - +1 flail
rCold    . . .     Gourm    .   b - +1 ring mail of Zin's Righteous Fury {+Inv} (curse)
rNeg     + . .     Faith    .   c - +0 shield
rPois    ∞         Spirit   .   x - +2 hat
rElec    +         Reflect  .   (no cloak)
rCorr    +         Harm     .   (no gloves)
MR       .....                  (no boots)
Stlth    +.........             (no amulet)
Regen    0.1/turn               (no ring)
                                l - ring of resist corrosion

@: no status effects
A: molten scales 1, negative energy resistance 1, electricity resistance,
unbreathing, petrification resistance, no potion heal 1, rot immunity, AC +5
a: Heroism, Renounce Religion, Evoke Invisibility


You were on level 5 of the Dungeon.
You worshipped Okawaru.
Okawaru was pleased with you.
You were not hungry.

You visited 2 branches of the dungeon, and saw 7 of its levels.

You collected 349 gold pieces.

Inventory:

Hand Weapons
 a - a +1 flail (weapon)
 u - a +1 whip of freezing
Armour
 b - the cursed +1 ring mail of Zin's Righteous Fury (worn) {+Inv}
   (You found it on level 4 of the Dungeon)

   It lets you turn invisible.
   It has a curse placed upon it.
 c - a +0 shield (worn)
 q - a +1 plate armour
 x - a +2 hat (worn)
Jewellery
 l - a ring of resist corrosion (left hand)
Wands
 n - a wand of flame (15/48)
 p - a wand of clouds (9/9)
Scrolls
 e - 2 scrolls of teleportation
 g - 2 scrolls of magic mapping
 j - 4 scrolls of identify
 r - a scroll of recharging
 w - a scroll of fog
Potions
 d - 2 potions of might
 i - 2 potions of brilliance
 s - a potion of flight
 v - a potion of lignification
 z - 2 potions of haste
Comestibles
 f - 2 beef jerkies
 h - a meat ration
 k - 3 bread rations
 m - 5 fruits
 t - a slice of pizza


   Skills:
 + Level 5.5 Fighting
 + Level 8.0 Maces & Flails
 + Level 5.6 Armour
 + Level 2.8 Dodging
 + Level 1.2 Stealth
 + Level 7.5 Shields


You had 8 spell levels left.
You didn't know any spells.

Dungeon Overview and Level Annotations

Branches:
Dungeon (6/15)             Temple (1/1) D:5

Altars:
Ashenzari
Cheibriados
Dithmenos
Elyvilon
Fedhas
Gozag
Hepliaklqana
Nemelex Xobeh
Okawaru
Ru
Uskayaw
Vehumet
Xom
Yredelemnul
Zin
The Shining One
Beogh

Shops:
D:5 =

Annotations:
D:6 1 runed door


Innate Abilities, Weirdness & Mutations

You are resistant to torment.
Your stone body is resilient. (AC +5)
You are immune to poison.
You resist negative energy. (rN+)
You are resistant to electric shocks. (rElec)
You can survive without breathing.
You are immune to petrification.
You are immune to rotting.
You are partially covered in molten scales. (AC +2)
Potions are less effective at restoring your health.


Message History

There is a stone staircase leading down here.
You hit the orc warrior.
The orc warrior is lightly wounded.
The orc warrior barely misses you.
You barely miss the orc warrior.
The orc warrior is lightly wounded.
The orc warrior closely misses you.
Your system partially rejects the healing.
You feel better.
You barely miss the orc warrior.
The orc warrior is lightly wounded.
The orc warrior hits you with a battleaxe of chopping!
* * * LOW HITPOINT WARNING * * *
x2 You hit the orc warrior but do no damage.
The orc warrior is lightly wounded.
You block the orc warrior's attack.
You hit the orc warrior but do no damage.
The orc warrior is lightly wounded.
The orc warrior hits you with a battleaxe of chopping!
You die...

###.#### #.##.._..#...#
###.## ###.# #.##.....#...##
#..# ....#
#[##⌠...⌠##...#####.# ###.###
#.####'######...# #.# #...#
#....#.# ###.# #.## ###.#
###.##.# #.# #..# #.#
###.##.# #.####.## #.#
#....#o# #...##.##
#.#####....#@###### ###.##.##
#..........###....#####..#.##
#######.....#####............
#..>.(# ########...## #######
###### # # #


You could see an orc warrior.

Vanquished Creatures
  Pikel (D:5)
  The ghost of Kettleworth the Cutter, a novice HaFi (D:6)
  A phantom (D:6)
  3 ogres
  A centaur (D:3)
  Blork the orc (D:4)
  3 scorpions
  4 killer bees (D:6)
  A howler monkey (D:5)
  3 crimson imps
  A bullfrog skeleton (D:5)
  An orc priest (D:3)
  A centaur skeleton (D:6)
  4 iguanas
  3 orc wizards (D:3)
  Natasha (thrice) (D:3)
  5 worker ants
  2 adders (D:4)
  A shadow imp (D:6)
  An ooze (D:2)
  An adder zombie (D:5)
  An adder skeleton (D:5)
  5 worms
  5 leopard geckos
  4 orcs
  2 ball pythons
  4 bats
  4 giant cockroaches
  6 goblins
  6 hobgoblins
  3 jackals (D:6)
  2 quokkas
  2 frilled lizards
  6 kobolds
  10 rats
102 creatures vanquished.

Notes
Turn   | Place    | Note
-------+----------+-------------------------------------------
     0 | D:1      | Faca the Gargoyle Fighter began the quest for the Orb.
     0 | D:1      | Reached XP level 1. HP: 14/14 MP: 1/1
   239 | D:1      | Reached XP level 2. HP: 17/19 MP: 2/2
   324 | D:1      | Gained mutation: You are partially covered in molten scales. (AC +2) [potion of mutation]
   324 | D:1      | Gained mutation: Potions are less effective at restoring your health. [potion of mutation]
   647 | D:2      | Reached XP level 3. HP: 15/24 MP: 3/3
  1225 | D:3      | Noticed Natasha
  1239 | D:3      | Reached XP level 4. HP: 29/29 MP: 4/4
  1245 | D:3      | Killed Natasha
  1280 | D:3      | Noticed a centaur
  1299 | D:3      | Killed a centaur
  1299 | D:3      | Reached skill level 3 in Maces & Flails
  1299 | D:3      | Reached XP level 5. HP: 3/33 MP: 5/5
  1486 | D:3      | Noticed Natasha
  1494 | D:3      | Killed Natasha
  1496 | D:3      | Noticed Natasha
  1505 | D:3      | Killed Natasha
  1750 | D:3      | Reached skill level 1 in Dodging
  1750 | D:3      | Reached XP level 6. HP: 37/38 MP: 6/6
  1792 | D:3      | Reached skill level 5 in Shields
  1856 | D:3      | Reached skill level 4 in Maces & Flails
  1886 | D:3      | Found a roughly hewn altar of Beogh.
  2317 | D:4      | Got an ancient trident
  2318 | D:4      | Identified the +2 trident "Ranka" {antimagic, rElec rN++ Int+2 Dex-4} (You found it on level 4 of the Dungeon)
  2345 | D:4      | Reached XP level 7. HP: 42/44 MP: 4/7
  2748 | D:4      | Got a faintly humming ring mail
  2759 | D:4      | Identified the cursed +1 ring mail of Zin's Righteous Fury {+Inv} (You found it on level 4 of the Dungeon)
  2794 | D:4      | Found a sparkling altar of Nemelex Xobeh.
  2979 | D:4      | Noticed Blork the orc
  2997 | D:4      | Killed Blork the orc
  3102 | D:5      | Entered Level 5 of the Dungeon
  3119 | D:5      | Found Nekoboos's Jewellery Emporium.
  3216 | D:5      | Found a staircase to the Ecumenical Temple.
  3232 | D:5      | Reached skill level 5 in Maces & Flails
  3239 | D:5      | Reached skill level 1 in Stealth
  3251 | Temple   | Entered the Ecumenical Temple
  3271 | Temple   | Became a worshipper of Warmaster Okawaru
  3530 | D:5      | Reached XP level 8. HP: 37/48 MP: 8/8
  3543 | D:5      | Noticed Pikel
  3564 | D:5      | Killed Pikel
  3564 | D:5      | Reached * piety under Okawaru
  3564 | D:5      | Reached skill level 5 in Fighting
  3564 | D:5      | Reached skill level 6 in Maces & Flails
  3564 | D:5      | Reached skill level 5 in Armour
  3848 | D:5      | Found a shattered altar of Ashenzari.
  3849 | D:5      | Found a shimmering altar of Xom.
  3990 | D:6      | Reached skill level 7 in Maces & Flails
  4003 | D:6      | Noticed Kettleworth's ghost (novice HaFi)
  4006 | D:6      | Reached XP level 9. HP: 36/54 MP: 9/9
  4035 | D:6      | Killed Kettleworth's ghost
  4035 | D:6      | Reached ** piety under Okawaru
  4167 | D:6      | Found a hide-covered altar of Uskayaw.
  4321 | D:6      | Found a glowing golden altar of the Shining One.
  4335 | D:5      | Found a glowing golden altar of the Shining One.
  4353 | D:6      | Found a runed door.
  4353 | D:6      | Noticed an angel
  4409 | D:6      | Reached skill level 8 in Maces & Flails
  4432 | D:5      | HP: 2/54 [orc warrior/battleaxe of chopping (9)]
  4434 | D:5      | Mangled by an orc warrior

Vault maps used:
D:1:      dpeg_arrival_round_c, hangedman_decor_opposing,
          minmay_misc_feat_columns, minmay_misc_feat_square
D:3:      kennysheep_orc_chapel, uniq_natasha
D:4:      nemelex_xobeh_ov_fountains_minmay, uniq_blork_the_orc
D:5:      lemuel_upstairs_altar, minitemple, serial_shops, shop, first_bread,
          roderic_serpentine_path, uniq_pikel
D:6:      overflow_temple_1_default, nicolae_overflow_crystal_walls,
          lemuel_angel_altar
Temple:   eino_temple_lava

Skill      XL: |  1  2  3  4  5  6  7  8  9 |
---------------+----------------------------+-----
Shields        | 4 5 7 |  7.5
Fighting       | 4 5 |  5.5
Maces & Flails | 3 4 5 7 8 |  8.0
Dodging        | 1 2 |  2.8
Armour         | 4 5 |  5.6
Stealth        | 1 |  1.2

Action                   |  1- 3 |  4- 6 |  7- 9 || total
-------------------------+-------+-------+-------++-------
Melee: Flail             |   147 |   121 |   273 ||   541
  Use: Scroll            |     8 |     1 |     9 ||    18
       Potion            |     1 |     1 |     1 ||     3
  Eat: Bread ration      |     1 |       |       ||     1
       Chunk             |       |     1 |       ||     1
       Fruit             |       |       |     8 ||     8
Armor: Scale mail        |    77 |    63 |    10 ||   150
       Ring mail         |       |       |    83 ||    83
       Plate armour      |       |       |     4 ||     4
Dodge: Dodged            |    36 |    46 |    79 ||   161
Block: Shield            |    82 |    64 |   145 ||   291
